 Dungeon Crawl Stone Soup version 0.21.1-1-g345015f (webtiles) character file.

137 Lilu the Conjurer (level 5, 0/28 HPs)
             Began as a Deep Elf Conjurer on July 25, 2018.
             Killed from afar by Sigmund (6 damage)
             ... with a magic dart
             ... on level 2 of the Dungeon.
             The game lasted 00:15:37 (2403 turns).

Lilu the Conjurer (Deep Elf Conjurer)               Turns: 2403, Time: 00:15:38

Health: 0/28       AC:  4    Str:  6    XL:     5   Next: 0%
Magic:  1/12       EV: 13    Int: 20    God:
Gold:   50         SH:  0    Dex: 15    Spells: 0/10 levels left

rFire    . . .     SeeInvis .   l - +0 club
rCold    . . .     Gourm    .   (no shield)
rNeg     . . .     Faith    .   a - +0 robe
rPois    .         Spirit   .   (no helmet)
rElec    .         Reflect  .   (no cloak)
rCorr    .         Harm     .   (no gloves)
MR       .....                  h - +1 pair of boots {Fly}
Stlth    ++........             (no amulet)
HPRegen  0.09/turn              (no ring)
MPRegen  0.13/turn              (no ring)

@: flying
A: no striking features
a: Stop Flying


You were on level 2 of the Dungeon.
You were not hungry.

You visited 1 branch of the dungeon, and saw 2 of its levels.

You collected 50 gold pieces.

Inventory:

Hand Weapons
 l - a +0 club (weapon)
Missiles
 m - 17 stones (quivered)
Armour
 a - a +0 robe (worn)
 h - a +1 pair of boots of flying (worn)
Scrolls
 d - a scroll of teleportation {unknown}
 g - 3 scrolls of remove curse
 i - 4 scrolls of identify {unknown}
 n - a scroll of fog {unknown}
 o - a scroll of magic mapping {unknown}
Potions
 e - 2 potions of resistance {unknown}
 k - a potion of curing {unknown}
Books
 b - a book of Conjurations

   Spells                             Type                      Level
   a - Magic Dart                     Conjuration                  1
   b - Searing Ray                    Conjuration                  2
   c - Dazzling Spray                 Conjuration/Hexes            3
   d - Fulminant Prism                Conjuration/Hexes            4
   e - Force Lance                    Conjuration/Translocation    4
   f - Iskenderun's Mystic Blast      Conjuration                  4
Comestibles
 c - 4 rations


   Skills:
 - Level 2.4 Dodging
 - Level 2.4 Stealth
 + Level 3.4 Spellcasting
 + Level 6.8 Conjurations


You couldn't memorise any spells.
You knew the following spells:

 Your Spells              Type           Power        Failure   Level  Hunger
a - Magic Dart            Conj           ####         1%          1    None
b - Searing Ray           Conj           ####..       1%          2    ##.....
c - Iskenderun's Mystic   Conj           ####....     9%          4    ####...
d - Dazzling Spray        Conj/Hex       ###...       10%         3    ###....


Dungeon Overview and Level Annotations

Branches:
Dungeon (2/15)

Altars:

Annotations:
D:2 Sigmund


Message History

Sigmund is almost dead.
Sigmund is dazzled.
Sigmund hits you from afar with a scythe.
Sigmund hits you with a scythe!
* * * LOW HITPOINT WARNING * * *
You hit Sigmund but do no damage.
Sigmund is almost dead.
Casting: Dazzling Spray
Confirm with . or Enter, or press ? or * to list all spells.
Aiming: Magic Dart
Press: ? - help, Shift-Dir - straight line, f/p - Sigmund
Aim: Sigmund, wielding a scythe and wearing a robe (almost dead, blind, hasn't noticed you)
The magic dart hits Sigmund.
Sigmund is almost dead.
Sigmund is no longer blind.
Sigmund hits you but does no damage. Sigmund barely misses you.
There is an open door here.
Sigmund points at you and mumbles some strange words.
The magic dart hits you!
You die...

#.......##.#..###..####
#.#.###.##.#..# #.#.#.#
##.#.###.##.#..# #.##...
#..#.......>...# #.###.#
#.##########...###.##### #.###
##.....##...... # #.#.##
##.......####.#.
.#########....####.........###...
#...............@'.........+.....
##.#######....####..@......###...
#.# #####.#.## ##.......## #.#.
##.# #.......# ##.....## #.##
#.## #.###.#.# ##...## #.# >##
#.###.#.# ##'## #.## ## #.......#
#.# #.#. #####.### #.# #..#
#.###########.#######.##


You could see Sigmund.

Vanquished Creatures
  2 adders (D:2)
  7 gnolls (D:2)
  2 oozes (D:1)
  A dart slug (D:1)
  2 bats (D:2)
  3 giant cockroaches
  4 goblins
  7 hobgoblins
  3 jackals (D:1)
  2 kobolds (D:1)
  7 rats (D:1)
40 creatures vanquished.

Notes
Turn   | Place    | Note
-------+----------+-------------------------------------------
     0 | D:1      | Lilu the Deep Elf Conjurer began the quest for the Orb.
     0 | D:1      | Reached XP level 1. HP: 10/10 MP: 6/6
   118 | D:1      | Reached XP level 2. HP: 8/15 MP: 4/8
   153 | D:1      | Reached skill level 5 in Conjurations
   696 | D:1      | Reached XP level 3. HP: 19/19 MP: 4/9
   983 | D:2      | Learned a level 2 spell: Searing Ray
  1091 | D:2      | Noticed Sigmund
  1449 | D:2      | Reached skill level 6 in Conjurations
  1462 | D:2      | Reached XP level 4. HP: 15/24 MP: 4/10
  1728 | D:2      | Learned a level 4 spell: Iskenderun's Mystic Blast
  2182 | D:2      | Reached XP level 5. HP: 28/28 MP: 10/12
  2318 | D:2      | Learned a level 3 spell: Dazzling Spray
  2403 | D:2      | Killed from afar by Sigmund

Skill      XL: |  1  2  3 |
---------------+----------+-----
Conjurations   | 5 6 |  6.8
Dodging        | |  2.4
Stealth        | |  2.4
Spellcasting   | |  3.4

Action                   |  1- 3 |  4- 6 || total
-------------------------+-------+-------++-------
Melee: Spear             |    24 |       ||    24
       Club              |       |     1 ||     1
 Cast: Magic Dart        |    64 |    16 ||    80
       Searing Ray       |     1 |     6 ||     7
       Dazzling Spray    |       |     2 ||     2
  Use: Scroll            |       |     1 ||     1
  Eat: Chunk             |     2 |     3 ||     5
Armor: Robe              |     5 |     5 ||    10
Dodge: Dodged            |    22 |     5 ||    27
